 Dungeon Crawl Stone Soup version 0.29-a0-474-gdfe5cd140f (webtiles) character file.

Game seed: 171442178536904026

187 Infinimo the Cudgeller (level 5, -6/41 HPs)
             Began as a Demonspawn Gladiator on May 24, 2022.
             Mangled by a gnoll
             ... wielding a +0 flail
              (9 damage)
             ... on level 3 of the Dungeon.
             The game lasted 00:04:15 (4465 turns).

Infinimo the Cudgeller (Demonspawn Gladiator)       Turns: 4465, Time: 00:04:15

Health: -6/41      AC:  5    Str: 14    XL:     5   Next: 39%
Magic:  5/5        EV: 16    Int: 11    God:
Gold:   173        SH:  0    Dex: 15    Spells: 4/4 levels left

rFire   . . .      SeeInvis .   a - +0 flail
rCold   . . .      Faith    .   (no shield)
rNeg    . . .      Spirit   .   b - +0 leather armour
rPois   .          Reflect  .   c - +1 helmet
rElec   .          Harm     .   (no cloak)
rCorr   .          Rampage  .   (no gloves)
Will    .....                   (no boots)
Stlth   +.........              (no amulet)
HPRegen 0.13/turn               (no ring)
MPRegen 0.18/turn               (no ring)

@: no status effects
A: repulsion field 2, magic regeneration
a: no special abilities


You were on level 3 of the Dungeon.
You visited 1 branch of the dungeon, and saw 4 of its levels.

You collected 173 gold pieces.

Inventory:

Hand Weapons
 a - a +0 flail (weapon)
Missiles
 d - 4 throwing nets (quivered)
 e - a javelin
Armour
 b - a +0 leather armour (worn)
 c - a +1 helmet (worn)
Jewellery
 n - a +4 ring of evasion
 q - a ring of wizardry
Scrolls
 f - a scroll of teleportation
 l - a scroll of amnesia
Potions
 g - 2 potions of heal wounds
 h - a potion of ambrosia {unknown}
 j - a potion of curing {unknown}
 k - 2 potions of haste
 o - a potion of attraction
 p - 2 potions of flight {unknown}
 t - 2 potions of degeneration
 v - 2 potions of lignification {unknown}


   Skills:
 + Level 3.3 Fighting
 * Level 4.3 Maces & Flails
 - Level 1.7 Throwing
 + Level 3.6 Dodging


You had 4 spell levels left.
You didn't know any spells.
Your spell library contained the following spells:

 Spells                   Type           Power      Damage    Failure   Level
 Magic Dart               Conj           0%         1d3       41%         1
 Call Imp                 Summ           0%         N/A       56%         2
 Conjure Flame            Conj/Fire      0%         6-21      80%         3
 Ignite Poison            Fire/Tmut/Pois 0%         N/A       80%         3
 Mephitic Cloud           Conj/Pois/Air  0%         N/A       80%         3
 Sticky Flame             Conj/Fire      0%         2d3       99%         4


Dungeon Overview and Level Annotations

Branches:
Dungeon (4/15)
 Temple: D:4-7

Altars:
Ashenzari
Cheibriados
Nemelex Xobeh
Sif Muna

Shops:
D:1 :((


Innate Abilities, Weirdness & Mutations

You are surrounded by a moderate repulsion field. (EV +3)
You regenerate magic rapidly.


Message History

You climb upwards.
There is a stone staircase leading down here.
You sock the orc!
You kill the orc!
The gnoll is lightly wounded.
You sock the gnoll!
The gnoll is almost dead.
The gnoll is almost dead.
The gnoll is almost dead.
The gnoll hits you with a +0 spear.
You kill the gnoll!
Things that are here:
a +0 spear; a gnoll corpse HP restored.
Done exploring.
There is a stone staircase leading down here.
You climb downwards.
There is a stone staircase leading up here.
You see here a +0 falchion.
The gnoll hits you with a +0 halberd.
You climb upwards.
There is a stone staircase leading down here.
The gnoll is lightly wounded.
You sock the gnoll!
The gnoll is severely wounded.
The gnoll is almost dead.
The gnoll hits you with a +0 flail! The gnoll hits you with a +0 halberd.
You sock the gnoll!
You kill the gnoll!
The gnoll hits you with a +0 flail!
The gnoll is moderately wounded.
The gnoll is heavily wounded.
The gnoll is heavily wounded.
The gnoll hits you with a +0 flail.
* * * LOW HITPOINT WARNING * * *
The gnoll is severely wounded.
The gnoll hits you with a +0 flail!
* * * LOW HITPOINT WARNING * * *
The gnoll hits you with a +0 flail!
You die...

....ยง........#
#................
###.(.########
#..##.#..#.#..#.# ##....###
#..##......#.###. ##.......#
#..####..###..#.# #..##.##.#
#..####......#.##
#..#...#.#####
##..........###.#
....._.......###)...##..)..#
#.#
...#...#......##)..........#
#.#
...##.##......##@)..##.....#
#.#
##........##...g)..###.....#
#.## ##...######..##...#
####### #..# #...# #..##...#
#... #...# #.......# ##.#
#...# #.......# #.# # #...#
#...##..###### #.# # #...#
#........#...# #.# ####.##
###.#........#######.#


You could see a gnoll.

Vanquished Creatures
  An orc wizard (D:2)
  2 gnolls (D:3)
  6 adders
  5 worms
  3 dart slugs
  6 orcs
  3 ball pythons
  8 endoplasms
  5 goblins (D:2)
  5 hobgoblins
  6 kobolds
  3 quokkas
  6 bats
  4 rats
63 creatures vanquished.

Notes
Turn   | Place    | Note
-------+----------+-------------------------------------------
     0 | D:1      | Infinimo the Demonspawn Gladiator began the quest for the
                  | Orb.
     0 | D:1      | Reached XP level 1. HP: 16/16 MP: 1/1
   131 | D:1      | Found Jopic's Antique Weapon Boutique.
   512 | D:1      | Reached skill level 3 in Maces & Flails
   512 | D:1      | Gained mutation: You are surrounded by a mild repulsion
                  | field. (EV +2) [demonic ancestry]
   512 | D:1      | Reached XP level 2. HP: 22/22 MP: 2/2
   988 | D:1      | Found Looxexea's Book Shoppe.
  1179 | D:1      | Found Kucoistre's Weapon Emporium.
  1668 | D:2      | Gained mutation: You are surrounded by a moderate repulsion
                  | field. (EV +3) [demonic ancestry]
  1668 | D:2      | Reached XP level 3. HP: 14/28 MP: 3/3
  2102 | D:2      | Found a broken altar of Ashenzari.
  2417 | D:3      | Found a sparkling altar of Nemelex Xobeh.
  2444 | D:3      | Reached XP level 4. HP: 29/34 MP: 4/4
  2770 | D:3      | Found a faded altar of an unknown god.
  2780 | D:3      | Reached skill level 4 in Maces & Flails
  2835 | D:3      | Found a snail-covered altar of Cheibriados.
  3411 | D:3      | Gained mutation: You regenerate magic rapidly. [demonic
                  | ancestry]
  3411 | D:3      | Reached XP level 5. HP: 41/41 MP: 5/5
  3578 | D:3      | Found a shimmering blue altar of Sif Muna.
  3972 | D:4      | Noticed an ogre
  4465 | D:3      | Mangled by a gnoll

Illustrated notes

Levels and vault maps discovered:
D:1:      beargit_arrival_diablo_church, layout_loops_corners, serial_shops,
          shop, nicolae_shop_hallway_stairs, shop
D:2:      layout_rooms, basic_altar
D:3:      layout_loops_cross, slow_altar_1, nicolae_overflow_squiral,
          ebering_ecumenical_altar_box
D:4:      layout_basic, lemuel_tele_altar, minmay_temple_entry_junction_2,
          grunt_ministairs_14, minmay_misc_feat_cross

Skill      XL: |  1  2  3  4 |
---------------+-------------+-----
Maces & Flails | 3 4 |  4.3
Dodging        | 3 |  3.6
Fighting       | 3 |  3.3
Throwing       | |  1.7

Action                   |  1- 3 |  4- 6 || total
-------------------------+-------+-------++-------
Melee: Flail             |   118 |    92 ||   210
       Punch             |     2 |       ||     2
  Use: Potion            |       |     1 ||     1
       Scroll            |       |     9 ||     9
 Stab: Sleeping          |     1 |     1 ||     2
Armor: Leather armour    |    27 |    29 ||    56
Dodge: Dodged            |    82 |    78 ||   160

Table legend: (Time is in decaauts)
 A = Elapsed time spent in this place.
 B = Non-inter-level travel time spent in this place.
 C = Inter-level travel time spent in this place.
 D = Time resting spent in this place.
 E = Time spent auto-exploring this place.
 F = Levels seen in this place.
 G = Mean time per level.
                   A        B        C        D        E       F      G
               +--------+--------+--------+--------+--------+-----+--------+
         Total |   4517 |   4291 |    226 |      5 |   3752 |   4 | 1129.2 |
       Dungeon |   4517 |   4291 |    226 |      5 |   3752 |   4 | 1129.2 |
               +--------+--------+--------+--------+--------+-----+--------+

Top non-repeatable levels by time:
     D:3: 1586 daAuts
     D:1: 1406 daAuts
     D:2: 1355 daAuts
     D:4: 169 daAuts
